AoeStats
← ionescu_andrei

Migration

509578484Analyzed
1v1 RM · 5d ago on Sep 27, 2026· 29m 48s· 2 players
Game mode
Random Map
Map size
132×132
Population
200
Speed
Normal
Resources
Standard
Victory
Conquest
Starting age
Dark Age
Ending age
Imperial Age
RankedLock teamsTeams togetherTeam positionsShared explorationLock speedFull tech treeHidden civsTurbo modeCheats
Victory
Defeat
🇷🇴 Britons · Romania
551
+15
🇬🇧 Koreans · United Kingdom
519
-15
Ivor_BigGun
10:46 Feudal Age
12:34 Double-Bit Axe
19:12 Horse Collar
22:47 Castle Age
21:59 Forging
24:04 Gold Mining
24:07 Stone Mining
24:25 Scale Barding Armor
26:43 Bow Saw
26:40 Heavy Plow
ionescu_andrei
10:26 Feudal Age
11:29 Horse Collar
11:36 Double-Bit Axe
15:57 Gold Mining
17:21 Stone Mining
22:33 Castle Age
21:17 Forging
21:07 Fletching
21:33 Scale Mail Armor
21:51 Padded Archer Armor
22:28 Scale Barding Armor
23:32 Chain Mail Armor
24:15 Bodkin Arrow
26:07 Iron Casting
27:41 Demolition Ship
28:32 Medium Warships
28:36 Squires
28:48 Arson
29:16 Pikeman
Connection lost

Rejoining the realm…

Still unreachable

The connection could not be restored.

Session expired

The server has moved on; the page needs a fresh start.